[Event "*** SCC Grand Prix: Titled Tuesday Blitz"]
[Site "Chess.com"]
[Date "2020.10.13"]
[Round "2"]
[White "kreonx"]
[Black "Pultis"]
[Result "1/2-1/2"]
[WhiteElo "2348"]
[BlackElo "2700"]
[TimeControl "180+1"]
[EndTime "10:18:01 PDT"]
[Termination "Game drawn - insufficient material"]

1. e4 c6 2. d4 d5 3. exd5 cxd5 4.
Bd3 Nc6 5. c3 g6 6. Nf3 Bg7 7.
O-O Qc7 8. h3 Nf6 9. Re1 O-O 10.
Nbd2 Bf5 11. Bxf5 gxf5 12. Ne5 Ne4 13. Nxc6 bxc6 14. Nxe4 fxe4 15. Qh5 f5 16. Bh6 Qd6 17. Bxg7 Kxg7 18. f3 Rf7 19. fxe4 fxe4 20. Rf1 Raf8 21.
Qg5+ Qg6 22. Qxg6+ Kxg6 23. Rxf7 Rxf7 24. Rf1 Rxf1+ 25. Kxf1 h5 26. g3 Kf5 27. Kf2 e5 28. Ke3 exd4+ 29. cxd4 Kg5 30. b4 a6 31. a3 Kf5 32. Ke2 Ke6 33. Ke3 Kd7 34. Ke2 Kc7 35. Ke3 Kd6 36. Ke2 Ke6 37. Ke3 Kf5 38. Ke2 h4 39. g4+ Kf4 40. Kf2 e3+ 41. Ke2 Ke4 42. g5 Kf5 43. Kxe3 Kxg5 44. Kf3 Kf5 45. Ke3 Kg5 46. Kf3 Kf5 47. Ke3 Ke6 48. Kf4 Ke7 49. Kg4 Kf6 50. Kxh4 Kf5 51. Kg3 Ke4 52. h4 Kxd4 53.
h5 Ke5 54. h6 Kf6 55. Kf4 Kg6 56.
Ke5 Kxh6 57. a4 Kg6 58. b5 cxb5 59. axb5 axb5 60. Kxd5 b4 61. Kc4 b3 62. Kxb3 1/2-1/2

[Event "*** SCC Grand Prix: Titled Tuesday Blitz"]
[Site "Chess.com"]
[Date "2020.10.13"]
[Round "2"]
[White "QuintilianoR"]
[Black "Bigfish1995"]
[Result "0-1"]
[WhiteElo "2622"]
[BlackElo "3105"]
[TimeControl "180+1"]
[EndTime "10:18:03 PDT"]
[Termination "Bigfish1995 won by resignation"]

1. e4 c6 2. d4 d5 3. exd5 cxd5 4. Bd3 Nf6 5. c3 g6 6. h3 Bf5 7.
Be2 h5 8. Nf3 Nc6 9. O-O e6 10.
Re1 Ne4 11. Nbd2 Nd6 12. Nf1 Be7 13. Ng3 Ne4 14. Nxe4 Bxe4 15. Bd3 Bxd3 16. Qxd3 g5 17. Ne5 Nxe5 18. Rxe5 g4 19. Bd2 Bd6 20. Bg5 Qc7 21.
Re2 Kd7 22. h4 Qc4 23. Qxc4 dxc4 24. Rd1 f5 25. Bf6 Rhe8 26. Be5 Be7 27. d5 exd5 28. Rxd5+ Kc6 29. Rd4 b5 30. Rf4 Rad8 31. Rd4 Bxh4 32. Rxd8 Bxd8 33. f4 Bc7 34. Kf1 Bxe5 35. fxe5 Re6 36.
Kf2 Kd5 37. Kg3 Rxe5 38. Rd2+ Ke6 39. Rd8 Kf6 40. Rf8+ Kg7 41. Ra8 Re2 42. Rxa7+ Kg6 43. a4 bxa4 44. Rxa4 Rxb2 45. Rxc4 Kg5 46. Kh2 h4 47.
Kg1 g3 48. Kf1 Rb1+ 49. Ke2 Rg1 50. Kf3 Rf1+ 51. Ke3 h3 0-1

[Event "*** SCC Grand Prix: Titled Tuesday Blitz"]
[Site "Chess.com"]
[Date "2020.10.13"]
[Round "2"]
[White "TrimitziosP7"]
[Black "AldokhinIvan"]
[Result "1-0"]
[WhiteElo "2825"]
[BlackElo "2549"]
[TimeControl "180+1"]
[EndTime "10:18:03 PDT"]
[Termination "TrimitziosP7 won by resignation"]

1. e4 c5 2. Nf3 e6 3. c3 Nf6 4. Bd3 d5 5. e5 Nfd7 6. Bc2 d4 7. cxd4 cxd4 8. O-O Nc6 9. Re1 Be7 10. Ba4 Nc5 11. d3 O-O 12. Na3 Nxa4 13. Qxa4 Nb4 14. Qb3 b6 15. Bd2 a5 16. Bxb4 Bxb4 17. Re2 Bb7 18. Ne1 Rc8 19. Nc4 Bd5 20. a3 Bxe1 21.
Raxe1 Qg5 22. g3 Qf5 23. f4 a4 24. Qxa4 Qxd3 25. Nxb6 Rc1 26. Nxd5 exd5 27. Rxc1 Qxe2 28.
Qc2 Qe3+ 29. Kg2 d3 30. Qd1 d2 31. Rc2 Qe4+ 32. Kf2 Qd4+ 33. Ke2 f6 34. Qxd2 Qe4+ 35. Kd1 fxe5 36. Rc5 d4 37. Rxe5 Qb1+ 38. Ke2 Qg1 39. Kf3 Qf1+ 40. Kg4 g6 41. Qxd4 Qg2 42. Qd5+ Kh8 43.
Qxg2 h5+ 44. Kg5 Kg7 45. Re7+ Kg8 46. Qd5+ Kh8 47. Qe5+ 1-0

[Event "*** SCC Grand Prix: Titled Tuesday Blitz"]
[Site "Chess.com"]
[Date "2020.10.13"]
[Round "2"]
[White "PetrolulSah"]
[Black "maximnovik"]
[Result "0-1"]
[WhiteElo "2175"]
[BlackElo "2541"]
[TimeControl "180+1"]
[EndTime "10:18:06 PDT"]
[Termination "maximnovik won on time"]

1. d4 Nf6 2. g3 g6 3. Nf3 Bg7 4. Bg2 O-O 5. O-O d6 6. c4 Nbd7 7. Nc3 e5 8. e4 c6 9. Re1 exd4 10. Nxd4 Qb6 11. Nb3 Ne5 12. Be3 c5 13. Qe2 Be6 14.
Nd5 Bxd5 15. cxd5 Rfe8 16. Nd2 a6 17. Rab1 Qb5 18. b3 Qxe2 19. Rxe2 b5 20. a4 Nd3 21. h3 Nd7 22. Bf4 Nxf4 23. gxf4 Reb8 24. axb5 axb5 25. Nf3 Re8 26. e5 dxe5 27. fxe5 Nxe5 28.
Nxe5 Bxe5 29. d6 Bxd6 30. Bxa8 Rxe2 31. Bc6 b4 32. Bd5 Be5 33. Bc4 Ra2 34. Kg2 Bd4 35. Rf1 Kg7 36. Kg3 f5 37. f3 Kf6 38. f4 Rc2 39.
Rd1 h6 40. Kf3 g5 41. Re1 Rc3+ 42. Kg2 gxf4 43. Re8 f3+ 44. Kg3 Be5+ 45. Kf2 Bd4+ 46. Kg3 f2+ 47. Kg2 Rc1 48. Rf8+ Ke5 49. Re8+ Kf4 50. Rh8 Rg1+ 51. Kh2 f1=Q 52. Bxf1 Rxf1 53. Rxh6 Rf2+ 54. Kh1 Rb2 0-1

[Event "*** SCC Grand Prix: Titled Tuesday Blitz"]
[Site "Chess.com"]
[Date "2020.10.13"]
[Round "2"]
[White "KaterynaLagno"]
[Black "pastouche06"]
[Result "1-0"]
[WhiteElo "2720"]
[BlackElo "2494"]
[TimeControl "180+1"]
[EndTime "10:18:07 PDT"]
[Termination "KaterynaLagno won by resignation"]

1. e4 c6 2. Nc3 d5 3. Nf3 dxe4 4. Nxe4 Nf6 5. Qe2 Nxe4 6. Qxe4 Qa5 7. Bc4 Bf5 8. Qf4 e6 9. Bb3 Nd7 10. O-O Be7 11.
Nd4 Qe5 12. Qxe5 Nxe5 13. Nxf5 exf5 14. Re1 Ng6 15. d4 O-O 16. c3 Rfe8 17. Bd2 Bd6 18. Bc2 f4 19. Kf1 Kf8 20. Bf5 Rxe1+ 21. Rxe1 Re8 22.
Rxe8+ Kxe8 23. Bc8 b6 24. Ke2 Ne7 25. Ba6 Kd7 26. Bd3 f5 27. h4 h6 28. h5 Ke6 29.
Bc4+ Kf6 30. Kf3 g5 31. hxg6 Nxg6 32. g4 fxg3 33. fxg3 h5 34. Bd3 h4 35. g4 fxg4+ 36. Kxg4 h3 37. Bg5+ Kg7 38. Be4 h2 39. Bxc6 Ne7 40.
Bh1 Kg6 41. c4 a5 42. Bf4 Bxf4 43. Kxf4 Nf5 44. Ke5 Ng3 45. Bg2 h1=Q 46. Bxh1 Nxh1 47.
Kd6 Kf5 48. Kc7 Nf2 49. Kxb6 Nd3 50. c5 Ke6 51. c6 Nb4 52. c7 Nd5+ 53. Kb7 Nxc7 54.
Kxc7 Kd5 55. Kb6 1-0

[Event "*** SCC Grand Prix: Titled Tuesday Blitz"]
[Site "Chess.com"]
[Date "2020.10.13"]
[Round "2"]
[White "tsvet2005"]
[Black "ChelsieMonica"]
[Result "1-0"]
[WhiteElo "2700"]
[BlackElo "2381"]
[TimeControl "180+1"]
[EndTime "10:18:07 PDT"]
[Termination "tsvet2005 won by resignation"]

1. d4 Nf6 2. c4 b6 3. f3 Bb7 4. e4 d6 5. Nc3 e5 6. d5 h6 7. g4 Na6 8. Be3 Nc5 9. b4 Ncd7 10. h4 a5 11. a3 axb4 12. axb4 Rxa1 13. Qxa1 Qb8 14.
Nge2 Be7 15. Ng3 g6 16. Qc1 h5 17. g5 Nh7 18. Bh3 f6 19. Be6 Nhf8 20. Bh3 Nh7 21. Rg1 fxg5 22. hxg5 Qd8 23. Nxh5 gxh5 24. g6 Nhf6 25.
Be6 Rg8 26. Bh6 Nf8 27. Bf7+ Kd7 28. Qg5 Kc8 29. Qf5+ Kb8 30. Bxg8 Nxg8 31. Bxf8 Bxf8 32. g7 Be7 33. Qxh5 Bc8 34. Rh1 Kb7 35. Qf7 Bh4+ 36. Ke2 Qg5 37. Rxh4 Qxh4 38. Qxg8 Qh2+ 39. Kd3 Qg1 40. Qf8 Qd4+ 41. Kc2 Qf2+ 42. Kb3 b5 43. g8=Q bxc4+ 44. Kxc4 Qf1+ 45. Kb3 Qh3 46. Qgg7 Bd7 47.
Qd8 Qxf3 48. Qdxd7 Qd1+ 49. Nxd1 1-0

[Event "*** SCC Grand Prix: Titled Tuesday Blitz"]
[Site "Chess.com"]
[Date "2020.10.13"]
[Round "2"]
[White "Sn00pPawn"]
[Black "fabianvivasz"]
[Result "0-1"]
[WhiteElo "1970"]
[BlackElo "2369"]
[TimeControl "180+1"]
[EndTime "10:18:07 PDT"]
[Termination "fabianvivasz won on time"]

1. e4 e5 2. Nf3 Nc6 3. Bb5 f5 4. Nc3 fxe4 5. Nxe4 Nf6 6. Nxf6+ Qxf6 7. O-O Be7 8. Bxc6 dxc6 9. d4 e4 10. Ng5 Qg6 11. h4 h6 12. h5 Qf5 13. Nh3 Be6 14.
Nf4 Bf7 15. Re1 O-O-O 16. Be3 Bd6 17. Qd2 Bxf4 18. Bxf4 Bxh5 19. Bg3 g5 20. c4 Bf7 21. c5 Qxc5 22. dxc5 Rxd2 23. Rxe4 Rhd8 24. b3 h5 25. Re7 R8d7 26. Rae1 h4 27. Rxd7 Kxd7 28. Be5 Rxa2 29.
Bf6 g4 30. Re7+ Kc8 31. Rxf7 g3 32. fxg3 hxg3 33. Bh4 Ra1+ 34. Rf1 Ra3 35. Bxg3 Rxb3 36. Bh4 Rc3 37. Rf8+ Kd7 38. Rf7+ Kc8 39. Bf2 a5 40. Rf4 Ra3 41. g4 a4 42. g5 Ra1+ 43. Kg2 Rd1 0-1

[Event "*** SCC Grand Prix: Titled Tuesday Blitz"]
[Site "Chess.com"]
[Date "2020.10.13"]
[Round "2"]
[White "Superfelix"]
[Black "hungrycaterpillar4"]
[Result "1-0"]
[WhiteElo "2468"]
[BlackElo "2687"]
[TimeControl "180+1"]
[EndTime "10:18:09 PDT"]
[Termination "Superfelix won by checkmate"]

1. e4 c5 2. Nf3 Nc6 3. Bc4 g6 4. h4 Nf6 5. e5 Ng4 6. Bxf7+ Kxf7 7. Ng5+ Kg8 8. Qxg4 Nxe5 9. Qe4 Bg7 10. Qd5+ e6 11. Nxe6 Qe7 12. Ng5+ Nf7+ 13. Kf1 d6 14. Nc3 h6 15.
Nxf7 Qxf7 16. Qxd6 Bd4 17. Qg3 Kh7 18. d3 Re8 19. Ne4 Be5 20. Qe3 Qg7 21. Qxc5 Bf5 22. Qc4 Rac8 23. Ng5+ Kh8 24. Nf7+ Kg8 25. Nxh6+ Kh7 26.
Nxf5 gxf5 27. Qb3 f4 28. Bd2 f3 29. g3 Bxb2 30. Rb1 Bd4 31. Qxb7 Rxc2 32. Qxg7+ Kxg7 33.
Be1 Ree2 34. Rh2 Rxa2 35. g4 a5 36. g5 a4 37. h5 Rab2 38. h6+ Kg6 39. Rc1 Rbc2 40.
Rb1 a3 41. h7 a2 42. Rb6+ Bxb6 43. h8=Q Rxe1+ 44. Kxe1 Rc1+ 45. Kd2 a1=Q 46. Rh6+ Kxg5 47. Rh5+ Kg6 48. Qh7+ Kf6 49. Rf5+ Ke6 50. Qf7+ Kd6 51. Rd5+ Kc6 52. Qd7# 1-0

[Event "*** SCC Grand Prix: Titled Tuesday Blitz"]
[Site "Chess.com"]
[Date "2020.10.13"]
[Round "2"]
[White "GelmanAlexander"]
[Black "Oleksandr_Bortnyk"]
[Result "0-1"]
[WhiteElo "2579"]
[BlackElo "2903"]
[TimeControl "180+1"]
[EndTime "10:18:10 PDT"]
[Termination "Oleksandr_Bortnyk won by resignation"]

1. d4 d6 2. Nc3 e5 3. Nf3 Nd7 4. e4 Ngf6 5. g4 h6 6. Rg1 c6 7. a4 a5 8. h4 g6 9. g5 hxg5 10. Bxg5 Be7 11. Qd2 Qb6 12. O-O-O exd4 13. Nxd4 Nc5 14.
f3 Qb4 15. Qf4 Nh5 16. Qe3 Nxa4 17. Nxa4 Qxa4 18. Bxe7 Kxe7 19. e5 Qa1+ 20. Kd2 Qxb2 21. exd6+ Kf8 22. Bc4 Qb4+ 23. Kd3 Qxd6 24. Ke2 Qh2+ 25.
Ke1 Bh3 26. Ne2 Re8 27. Qd4 Rh6 28. Rd2 Nf4 29. Kd1 Nxe2 30. Rxe2 Rxe2 31. Bxe2 Qc7 32. Rg5 Be6 33. Qf6 Qe7 34. Qe5 Rxh4 35. Rg1 Qd7+ 36. Ke1 Qd5 37. Qb8+ Kg7 38. Qg3 Qd4 39. Qxh4 Qxh4+ 40. Kd2 Qc4 41. Bxc4 Bxc4 42. Rg4 Bd5 43. Kc3 Bxf3 44.
Rf4 Bd5 45. Kd4 b5 46. Kc5 a4 47. Rf1 a3 48. Ra1 a2 49. Rf1 g5 50. Kd4 g4 51. Ke5 g3 52. Kf4 g2 53. Rg1 Kf6 54. Ke3 Ke5 55. Kd3 Kf4 56. Ke2 Kg3 57. Ke3 f5 0-1

[Event "*** SCC Grand Prix: Titled Tuesday Blitz"]
[Site "Chess.com"]
[Date "2020.10.13"]
[Round "2"]
[White "Obito24"]
[Black "JuliaEfremova"]
[Result "0-1"]
[WhiteElo "2533"]
[BlackElo "2327"]
[TimeControl "180+1"]
[EndTime "10:18:13 PDT"]
[Termination "JuliaEfremova won by resignation"]

1. e4 d5 2. exd5 Qxd5 3. Nc3 Qa5 4. h3 Nf6 5. Nf3 e6 6. d4 c6 7. Bd3 Be7 8. O-O O-O 9. Qe2 Qc7 10. Ne4 Nbd7 11.
c3 Nxe4 12. Qxe4 Nf6 13. Qe2 b6 14. Bg5 Bb7 15. Rfe1 c5 16. Rad1 Rad8 17. Bb1 Bxf3 18. Qxf3 cxd4 19. cxd4 Rd5 20. Bf4 Qd7 21. Be5 Rd8 22.
a3 Rb5 23. b4 a5 24. Bd3 axb4 25. Bxb5 Qxb5 26. Qb7 Rd7 27. Qb8+ Rd8 28. Qc7 Rd7 29. Qc2 bxa3 30. Rb1 Qa6 31. Qc6 Rb7 32. Qc8+ Bf8 33. Bd6 Nd7 34. Bxa3 Ra7 35. Qxa6 Rxa6 36. Bxf8 Kxf8 37.
Rec1 Ke7 38. Rc6 Ra4 39. Rc7 Kd6 40. Rb7 Rxd4 41. g4 g6 42. Kg2 h5 43. Kg3 hxg4 44.
hxg4 f5 45. f3 f4+ 46. Kh4 Rd5 47. g5 Kc6 48. Ra7 Ne5 49. Ra3 Rc5 50. Re1 Kd6 51. Re4 Rc4 52. Rd3+ Nxd3 53. Rxc4 Kd5 54. Rc8 Ne5 55.
Rd8+ Kc5 56. Rf8 b5 57. Rxf4 b4 58. Re4 Nxf3+ 59. Kg4 Nd4 60. Re5+ Kc4 61. Re1 b3 62. Kf4 b2 63. Ke5 Nf3+ 64. Kxe6 Nxe1 0-1

[Event "*** SCC Grand Prix: Titled Tuesday Blitz"]
[Site "Chess.com"]
[Date "2020.10.13"]
[Round "2"]
[White "AungTZ"]
[Black "margarita_2703"]
[Result "0-1"]
[WhiteElo "2141"]
[BlackElo "2401"]
[TimeControl "180+1"]
[EndTime "10:18:13 PDT"]
[Termination "margarita_2703 won by checkmate"]

1. e4 Nf6 2. e5 Nd5 3. Nc3 Nxc3 4. dxc3 d6 5. Bf4 g6 6. Nf3 Bg7 7. Qd2 Nc6 8. O-O-O Bg4 9. exd6 cxd6 10. Be2 O-O 11.
Kb1 Qa5 12. Bh6 Rac8 13. Bxg7 Kxg7 14. h3 Be6 15. a3 Qb6 16. Rhf1 Na5 17. Ng5 Bc4 18.
Bxc4 Nxc4 19. Qd4+ Qxd4 20. Rxd4 b5 21. Re1 Rc7 22.
f4 a5 23. Rd5 Rb8 24. Kc1 b4 25. cxb4 axb4 26. axb4 Rxb4 27. Rd4 Ra7 28. c3 Ra1+ 29. Kc2 Rxb2+ 30. Kd3 Rxe1 31. Kxc4 Rxg2 32. Rd3 e5 33. Nf3 Re4+ 34. Kd5 Rxf4 35. Kxd6 Rg3 36. Nxe5 Rxd3+ 37. Nxd3 Rf3 38. Ne5 Rxc3 39. Ke7 Re3 40. h4 Rxe5+ 41. Kd6 Re1 42. Kd7 Kf6 43. Kd8 Re2 44. Kc8 Ke7 45. Kb8 Rc2 46. Ka7 Kd7 47. Kb6 Kd6 48. Ka5 Rb2 49. Ka4 Kc5 50. Ka3 Rb8 51. Ka4 h5 52. Ka3 Kc4 53. Ka2 Kc3 54. Ka3 Ra8# 0-1

[Event "*** SCC Grand Prix: Titled Tuesday Blitz"]
[Site "Chess.com"]
[Date "2020.10.13"]
[Round "2"]
[White "UCantHandleDenker"]
[Black "vugarrasulov"]
[Result "0-1"]
[WhiteElo "2550"]
[BlackElo "2827"]
[TimeControl "180+1"]
[EndTime "10:18:15 PDT"]
[Termination "vugarrasulov won on time"]

1. Nf3 g6 2. g3 Bg7 3. Bg2 e5 4. d3 Nc6 5. O-O d6 6. c4 Nge7 7. Nc3 O-O 8. Rb1 a5 9. a3 h6 10. b4 axb4 11. axb4 Be6 12. b5 Nd4 13. Nd2 Rb8 14.
e3 Ndf5 15. Ba3 b6 16. Nd5 Qd7 17. Qb3 g5 18. Ne4 Kh8 19. Bb2 Ng6 20. Ra1 Nfe7 21.
Nef6 Qd8 22. Nh5 Qd7 23. Nhf6 Qd8 24. Nh5 f6 25. Ra7 Rc8 26. Bc3 Rf7 27. Nxg7 Kxg7 28.
Rfa1 h5 29. Qd1 h4 30. Rb7 Nxd5 31. cxd5 Bd7 32. Qb3 Qe8 33. Rb1 h3 34. Bh1 Bf5 35.
Qc4 Bd7 36. Be4 f5 37. Bh1 Kh6 38. Ra7 f4 39. exf4 gxf4 40. Bd2 Kg7 41. Bc3 fxg3 42.
hxg3 Qf8 43. Rb2 Ra8 44. Rxa8 Qxa8 45. Ra2 Qd8 46. f4 Kh7 47. fxe5 Qg5 48. Be1 Nxe5 49. Qe4+ Bf5 50. Qe2 Bxd3 51. Be4+ Bxe4 52. Qxe4+ Kg7 53. Rf2 Rxf2 54. Bxf2 Qg4 55. Qe3 Qf3 56. Qg5+ Ng6 57. Bd4+ Kf7 0-1

[Event "*** SCC Grand Prix: Titled Tuesday Blitz"]
[Site "Chess.com"]
[Date "2020.10.13"]
[Round "2"]
[White "esrosenberg"]
[Black "olksuna"]
[Result "0-1"]
[WhiteElo "2297"]
[BlackElo "2619"]
[TimeControl "180+1"]
[EndTime "10:18:16 PDT"]
[Termination "olksuna won by checkmate"]

1. Nf3 Nf6 2. c4 b6 3. g3 Bb7 4. Bg2 g6 5. Nc3 Bg7 6. b3 O-O 7. Bb2 c5 8. O-O d6 9. d4 cxd4 10. Qxd4 Nbd7 11. Qh4 Rc8 12. Rad1 Rc5 13. Nd5 Bxd5 14.
cxd5 Rxd5 15. Rxd5 Nxd5 16. Bxg7 Kxg7 17. Qd4+ N5f6 18. g4 h6 19. h4 Kg8 20. Rc1 Qb8 21.
Bh3 Rc8 22. Rxc8+ Qxc8 23. g5 hxg5 24. hxg5 Nh5 25. Kh2 Qc7 26. Bg4 Ng7 27. Kg2 Nc5 28.
b4 Nce6 29. Qe4 Qd8 30. Qb7 Qc7 31. Qa8+ Kh7 32. e3 a5 33. bxa5 bxa5 34. a4 Nd8 35. Qd5 Nge6 36. Nd4 Nxd4 37. Qxd4 Nc6 38. Qc4 e6 39.
Bf3 d5 40. Qc5 Qd7 41. Qf8 Qe7 42. Qh6+ Kg8 43. e4 d4 44. e5 Nxe5 45. Be4 d3 46. Qh1 d2 47. f4 Nc4 48. Qg1 d1=Q 49. Qxd1 Ne3+ 50. Kf3 Nxd1 51. Ke2 Nc3+ 52. Kd3 Nxe4 53. Kxe4 Qc5 54. f5 Qxf5+ 55. Kd4 e5+ 56. Kc4 e4 57. Kd4 e3 58. Kxe3 Qxg5+ 59. Kf3 Qf5+ 60. Kg3 Qe4 61. Kh3 Qxa4 62. Kg3 Qb4 63. Kh3 a4 64. Kg3 a3 65. Kh3 a2 66. Kg3 a1=Q 67. Kh3 Qaa3+ 68.
Kg2 Qbb2+ 69. Kf1 Qaa1# 0-1

[Event "*** SCC Grand Prix: Titled Tuesday Blitz"]
[Site "Chess.com"]
[Date "2020.10.13"]
[Round "2"]
[White "orestn"]
[Black "AleksibFan"]
[Result "0-1"]
[WhiteElo "2312"]
[BlackElo "2566"]
[TimeControl "180+1"]
[EndTime "10:18:17 PDT"]
[Termination "AleksibFan won by resignation"]

1. e4 d5 2. exd5 Qxd5 3. Nc3 Qd6 4. d4 Nf6 5. Nb5 Qb6 6. c4 c6 7. Nc3 Bf5 8. Be2 e6 9. Nf3 Nbd7 10. Nh4 Bg6 11. O-O Be7 12. g3 O-O 13. Nxg6 hxg6 14. Rb1 Rfe8 15. Be3 Qc7 16. Bf3 Rad8 17. Qe2 a6 18. Rfd1 Bf8 19. Rbc1 e5 20. d5 e4 21.
Bg2 Qe5 22. dxc6 bxc6 23. Bd4 Qf5 24. h3 c5 25. Be3 g5 26. Nd5 Ne5 27. g4 Qg6 28.
Nxf6+ gxf6 29. Rxd8 Rxd8 30. Rd1 Rd3 31. b3 f5 32. gxf5 Qxf5 33. Bc1 Nf3+ 34. Bxf3 Rxd1+ 35. Qxd1 exf3 36. Qf1 Bd6 37. Kh1 Kf8 38. Be3 g4 39. Qg1 gxh3 40. Qd1 Ke7 41. Qd5 Qe6 42. Qxe6+ Kxe6 43. Bh6 Kf5 44. Bg7 Ke4 45. Bh6 Kd3 46. Be3 Kc2 47.
b4 cxb4 48. c5 Bc7 49. c6 a5 50. Bc5 a4 51. Be7 b3 52. axb3 axb3 53. Bf6 b2 54. Bxb2 Kxb2 55. Kg1 Kc3 56. Kh1 Kc4 0-1

[Event "*** SCC Grand Prix: Titled Tuesday Blitz"]
[Site "Chess.com"]
[Date "2020.10.13"]
[Round "2"]
[White "DenLaz"]
[Black "KarstenHansch"]
[Result "0-1"]
[WhiteElo "2805"]
[BlackElo "2491"]
[TimeControl "180+1"]
[EndTime "10:18:18 PDT"]
[Termination "KarstenHansch won by resignation"]

1. d4 d5 2. c4 e6 3. Nf3 Nf6 4. Nc3 Be7 5. Bg5 Nbd7 6. cxd5 exd5 7. e3 c6 8. Bd3 h6 9. Bh4 Nh5 10. Bxe7 Qxe7 11. Qc2 Nb6 12. O-O-O Bg4 13. Kb1 Nf6 14.
Rc1 Nfd7 15. Nd2 O-O-O 16. Na4 Nxa4 17. Qxa4 Kb8 18. Nb3 Nb6 19. Qa5 Qf6 20. Rc2 Bf5 21.
Rd1 Bxd3 22. Rxd3 Qg6 23. Nc5 Qxg2 24. Rb3 Rde8 25. Rxb6 axb6 26. Qxb6 Re7 27. a4 Qxh2 28. a5 Kc8 29. a6 Qb8 30. axb7+ Rxb7 31. Nxb7 Qxb7 32.
Rxc6+ Kb8 33. Qc5 Rc8 34. Qd6+ Ka7 35. Rc5 Rxc5 36. dxc5 Qb3 37. Qd7+ Ka6 38. Qc6+ Ka7 39. Kc1 Qc4+ 40. Kd2 Qb4+ 41. Ke2 Qxb2+ 42. Kf1 Qb1+ 43. Ke2 Qc2+ 44. Kf3 Qe4+ 45. Ke2 Qc2+ 46. Kf3 Qe4+ 47. Kg3 Qg6+ 48. Qxg6 fxg6 49. Kf4 Kb7 50. Ke5 Kc6 51. Kd4 h5 52. Ke5 Kxc5 53. Kf4 Kd6 54. Kg5 Ke5 55. f4+ Ke4 56. Kxg6 h4 57. Kxg7 h3 58.
f5 h2 59. f6 h1=Q 60. f7 Qg2+ 61. Kf8 Kxe3 62. Ke7 Qe4+ 63. Kd6 Qf5 64. Kc5 Qxf7 0-1

[Event "*** SCC Grand Prix: Titled Tuesday Blitz"]
[Site "Chess.com"]
[Date "2020.10.13"]
[Round "2"]
[White "tylityli"]
[Black "Piotrek1979"]
[Result "0-1"]
[WhiteElo "2195"]
[BlackElo "2421"]
[TimeControl "180+1"]
[EndTime "10:18:19 PDT"]
[Termination "Piotrek1979 won on time"]

1. d4 d6 2. Nf3 Bg4 3. g3 e6 4.
Bg2 Nf6 5. O-O c6 6. c4 Nbd7 7. Nc3 d5 8. c5 b6 9. b4 a5 10. b5 bxc5 11. bxc6 Nb6 12. Ne5 Bd6 13. Nxg4 Nxg4 14. dxc5 Bxc5 15. Na4 Qd6 16. e4 Nxa4 17. Qxg4 Bd4 18. Rb1 h5 19. Qd1 Nc3 20. Qxd4 Ne2+ 21. Kh1 Nxd4 22. exd5 O-O 23. Bf4 e5 24. Be3 Rab8 25.
Rbd1 Rb4 26. a3 Rc4 27. Rfe1 Nc2 28. Re2 Nxe3 29. Rxe3 Rb8 30. Rde1 f6 31. h4 Rd4 32. Rc3 Rb2 33. c7 Rb8 34. cxb8=Q+ Qxb8 35. Rec1 Kh7 36. R1c2 Qb1+ 37. Kh2 Qd1 38. Rc5 e4 39. R5c3 f5 40. Rb2 Rxd5 41. Rcb3 Rd2 42. Rb1 Qe2 43. Rf1 Qc4 44.
Re3 Qc5 45. Kg1 g6 46. Bh3 Qd4 47. Bg2 Rd3 48. Rfe1 Qc5 49. Kh2 Qxa3 0-1

[Event "*** SCC Grand Prix: Titled Tuesday Blitz"]
[Site "Chess.com"]
[Date "2020.10.13"]
[Round "2"]
[White "A-S-00"]
[Black "Gerodot71"]
[Result "0-1"]
[WhiteElo "2243"]
[BlackElo "2461"]
[TimeControl "180+1"]
[EndTime "10:18:20 PDT"]
[Termination "Gerodot71 won by resignation"]

1. d4 Nf6 2. c4 e6 3. g3 d5 4. Bg2 Be7 5. Nf3 O-O 6. O-O dxc4 7.
Qc2 a6 8. a4 Nc6 9. Qxc4 Qd5 10.
Nbd2 Rd8 11. e3 Qh5 12. Qc2 e5 13. dxe5 Ng4 14. h3 Ngxe5 15. Nxe5 Qxe5 16. Nc4 Qh5 17. g4 Qg6 18. Be4 Qh6 19. Kg2 Be6 20. b3 Nb4 21.
Qe2 Bf6 22. Rb1 Bd5 23. Bxd5 Nxd5 24. Bb2 Nc3 25. Bxc3 Bxc3 26. Rbd1 b5 27. Na3 Qc6+ 28. e4 bxa4 29. bxa4 Qxa4 30. Nc4 h6 31. Rc1 Bf6 32. Rfd1 a5 33. e5 Be7 34. Ne3 Qe4+ 35. f3 Qxe5 36. Qf2 Bg5 37. Nc4 Qe6 38. Re1 Qg6 39. f4 Bf6 40. Ne5 Bxe5 41. Rxe5 a4 42. Rxc7 a3 43. Qa2 Qf6 44. Rf5 Qb2+ 45. Rc2 Qxa2 46. Rxa2 g6 47. Rc5 Rd3 48. Rcc2 Rb3 49. h4 Rab8 50. Kf2 Rb2 51. Ke1 Rxc2 52. Rxc2 Rb2 53. Kd2 a2 54. Rxb2 a1=Q 0-1

[Event "*** SCC Grand Prix: Titled Tuesday Blitz"]
[Site "Chess.com"]
[Date "2020.10.13"]
[Round "2"]
[White "bazar-wokzal"]
[Black "monalize"]
[Result "1-0"]
[WhiteElo "2498"]
[BlackElo "2291"]
[TimeControl "180+1"]
[EndTime "10:18:21 PDT"]
[Termination "bazar-wokzal won on time"]

1. e4 e5 2. Bc4 Nc6 3. f4 Bc5 4. Nf3 d6 5. Nc3 Nf6 6. f5 Nd4 7. d3 c6 8. Bg5 Qb6 9. Na4 Nxf3+ 10. gxf3 Qa5+ 11. c3 Qc7 12. Nxc5 dxc5 13. a4 Nh5 14. O-O h6 15. Be3 Qd6 16. Kh1 g6 17. fxg6 fxg6 18.
Qd2 g5 19. b4 cxb4 20. cxb4 Be6 21. Qg2 O-O-O 22. Bxa7 Nf4 23. Qc2 g4 24. Bc5 Qd7 25. d4 exd4 26. Bb6 d3 27. Qc3 Bxc4 28. Qxc4 gxf3 29.
Rxf3 Ne2 30. Rd1 Qg4 31. Rdxd3 Rxd3 32. Qxd3 Nf4 33. Rg3 Qh5 34. Qd4 Re8 35. Qd6 Qf7 36. Rf3 Rf8 37. b5 Qg7 38. Rg3 Qa1+ 39. Bg1 Qf6 40. Qxf6 Rxf6 41. bxc6 bxc6 42. Rf3 Kb7 43. e5 Rf8 44. e6 Nxe6 45. Rb3+ Ka6 46. a5 Kxa5 47. Rb6 Ka4 48. Rxc6 Re8 49. Rd6 Ka5 50. h3 Kb5 51. Rd5+ Kc6 52. Rh5 Rh8 53. Be3 Kd6 54.
Kg2 Ke7 55. Kf3 Kf7 56. Rxh6 Rh7 57. Rxh7+ 1-0

[Event "*** SCC Grand Prix: Titled Tuesday Blitz"]
[Site "Chess.com"]
[Date "2020.10.13"]
[Round "2"]
[White "bgfbfbgfbgfgf"]
[Black "m_ezat"]
[Result "1-0"]
[WhiteElo "2780"]
[BlackElo "2527"]
[TimeControl "180+1"]
[EndTime "10:18:22 PDT"]
[Termination "bgfbfbgfbgfgf won by checkmate"]

1. e4 c6 2. d4 d5 3. f3 e6 4.
Nc3 Bb4 5. Bd2 Nf6 6. e5 Nfd7 7. Nce2 Qb6 8. c3 Be7 9. b4 a5 10. a3 f6 11. f4 fxe5 12. fxe5 O-O 13. Nf3 Qa7 14.
Nf4 Rxf4 15. Bxf4 axb4 16. cxb4 Bxb4+ 17. Kf2 Be7 18. Bd3 c5 19. Bg5 Nc6 20. Bxe7 Nxe7 21. Ng5 Nf8 22. Qh5 g6 23. Qf3 Nf5 24. Bxf5 gxf5 25.
Rhf1 cxd4 26. Kg1 Ng6 27. Kh1 b5 28. Rac1 Nxe5 29. Qh5 Ng6 30. Rce1 e5 31. Rf3 f4 32. Rh3 Bxh3 33. gxh3 Qe7 34. Rg1 Ra6 35. Nf3 Qf7 36. Ng5 Qf5 37. Qxh7+ Kf8 38. h4 f3 39. h5 f2 40. Rf1 Qxg5 41. hxg6 Rf6 42. Qh8+ Ke7 43.
Qg7+ Ke6 44. Qg8+ Kf5 45. Rxf2+ Ke4 46. Rxf6 Qxf6 47. Qf7 Qg5 48. g7 d3 49. g8=Q Qc1+ 50. Kg2 d2 51. Qxd5+ Ke3 52. Qg3+ Ke2 53. Qdf3# 1-0

[Event "*** SCC Grand Prix: Titled Tuesday Blitz"]
[Site "Chess.com"]
[Date "2020.10.13"]
[Round "2"]
[White "Cocaino74"]
[Black "pfalcon1949"]
[Result "1-0"]
[WhiteElo "2363"]
[BlackElo "1942"]
[TimeControl "180+1"]
[EndTime "10:18:23 PDT"]
[Termination "Cocaino74 won by checkmate"]

1. e4 c6 2. d4 d5 3. exd5 cxd5 4. Bd3 Nc6 5. c3 Nf6 6. Bf4 Bg4 7. Qb3 Qd7 8. Nd2 e6 9. h3 Bh5 10. Ngf3 Bd6 11. Bxd6 Qxd6 12. Qxb7 O-O 13. Qa6 Rab8 14.
Qa3 Qxa3 15. bxa3 Rb2 16. O-O Rfb8 17. Rfb1 Bxf3 18. Nxf3 Ne4 19. Rxb2 Rxb2 20. Bxe4 dxe4 21. Ng5 Na5 22. Nxe4 Nc4 23. a4 Kf8 24. a5 Nxa5 25.
a4 Nc4 26. a5 Ke7 27. Ra4 Nd2 28. Nxd2 Rxd2 29. Rb4 Rc2 30. Rb7+ Kf6 31. Rc7 a6 32. c4 Ra2 33. Rc5 Ra4 34. g4 h6 35. Kg2 Ra3 36. f3 g5 37. h4 gxh4 38. d5 h3+ 39. Kg3 h2 40. Kxh2 Rxf3 41. Rc6 Rc3 42. d6 Rd3 43. c5 Rd5 44. Rc8 e5 45. Rc7 Ke6 46. Re7+ Kf6 47. Rc7 Ke6 48. Kg2 f6 49. Kf3 f5 50. gxf5+ Kxf5 51.
d7 Ke6 52. c6 Ke7 53. Rc8 Rd3+ 54. Ke4 Rd1 55. Re8+ Kf7 56. d8=Q Rxd8 57. Rxd8 Ke7 58.
Ra8 Kd6 59. Rxa6 Kc7 60. Rb6 h5 61. Kxe5 h4 62. Kf4 h3 63. Kg3 h2 64. Kxh2 Kc8 65. Kg3 Kc7 66. Kf3 Kc8 67. Ke4 Kc7 68. Kd5 Kd8 69. Ke6 Kc7 70. Ke7 Kc8 71. Kd6 Kd8 72. Rb8# 1-0